 Dungeon Crawl Stone Soup version 0.22-a0-293-gc9362ec4a2 (webtiles) character file.

3078 Deemzul the Carver (level 9, 0/62 HPs)
             Began as an Octopode Fighter on Mar 24, 2018.
             Succumbed to a green ugly thing's poison
             ... on level 8 of the Dungeon.
             The game lasted 00:10:49 (6990 turns).

Deemzul the Carver (Octopode Fighter)               Turns: 6990, Time: 00:10:49

Health: 0/62       AC:  4    Str: 15    XL:     9   Next: 89%
Magic:  9/9        EV: 16    Int: 11    God:
Gold:   389        SH: 11    Dex: 21    Spells: 8/8 levels left

rFire    + . .     SeeInvis .   c - +2 long sword (protect)
rCold    x . .     Gourm    .   b - +0 shield
rNeg     . . .     Faith    .   (helmet restricted)
rPois    .         Spirit   .   (no amulet)
rElec    .         Reflect  .   n - +5 ring of dexterity
rCorr    .         Harm     .   w - +2 ring of protection
MR       .....                  y - ring of fire
Stlth    ++++......             f - +2 ring of dexterity
HPRegen  0.20/turn              v - ring of loudness (curse)
MPRegen  0.11/turn              (no ring)
                                (no ring)
                                (no ring)

@: lethally poisoned (0 -> -34), very slightly contaminated
A: almost no armour, stealthy swim, amphibious, 8 rings, constrict 8, camouflage
1, shaggy fur 1, wild magic 1, gelatinous body 1
a: no special abilities


You were on level 8 of the Dungeon.
You were hungry.

You visited 1 branch of the dungeon, and saw 8 of its levels.

You collected 438 gold pieces.
You spent 49 gold pieces at shops.

Inventory:

Hand Weapons
 a - a +0 long sword
 c - a +2 long sword of protection (weapon)
 m - a +0 trident of venom
 q - a +0 blowgun
Missiles
 r - 37 poisoned needles
Armour
 b - a +0 shield (worn)
Jewellery
 f - a +2 ring of dexterity (on tentacle)
 n - a +5 ring of dexterity (left tentacle)
 v - a cursed ring of loudness (on tentacle)
 w - a +2 ring of protection (right tentacle)
 y - a ring of fire (on tentacle)
Wands
 l - a wand of paralysis (10)
 x - a wand of enslavement (6)
 z - a wand of digging (17)
Scrolls
 e - 5 scrolls of remove curse {unknown}
 k - 2 scrolls of random uselessness {unknown}
 o - 2 scrolls of enchant armour {unknown}
 p - 7 scrolls of identify {unknown}
 s - 4 scrolls of magic mapping
 t - 3 scrolls of fear {unknown}
 u - 2 scrolls of enchant weapon {unknown}
Potions
 g - a potion of heal wounds
 h - 4 potions of curing
 i - 2 potions of flight
Comestibles
 d - 9 rations


   Skills:
 + Level 6.2 Fighting
 * Level 8.2 Long Blades
 + Level 6.2 Dodging
 + Level 7.1 Stealth
 + Level 6.2 Shields


You had 8 spell levels left.
You didn't know any spells.

Dungeon Overview and Level Annotations

Branches:
Dungeon (8/15)               Lair (0/6) D:8
 Temple: D:4-7

Altars:
Okawaru
Lugonu

Shops:
D:4 *   D:7 (

Annotations:
D:8 1 transporter


Innate Abilities, Weirdness & Mutations

You cannot wear most types of armour.
You are very stealthy in the water. (Stealth+)
You are amphibious.
You can wear up to eight rings at the same time.
You can use your tentacles to constrict eight enemies at once.
Your skin changes colour to match your surroundings (Stealth+).
Your rubbery body absorbs attacks. (AC +1, EV +1)
You are covered in fur. (AC +1)
Your spells are a little harder to cast, but a little more powerful.


Message History

Something hits you.
The small abomination closely misses you.
The small abomination hits you but does no damage.
The small abomination hits you!!
The green ugly thing gurgles horribly!
You see here a manual of Staves.
Unknown command.
You block something's attack.
The small abomination hits you but does no damage.
Something hits you!
Unknown command.
The green ugly thing claws you!
* * * LOW HITPOINT WARNING * * *
You are lethally poisoned!
The green ugly thing poisons you!
A small abomination comes into view.
* * * LOW HITPOINT WARNING * * *
You feel very sick.
You block the small abomination's attack.
You die...

#.# #.# #.# #.#
#.#######################
#.......................#
#####################.###
#### #.# #© #@.## #.# ..##
###..# #.# #..## ##xx#x#
#.# #...###.uu### #.# ###
#....x.u## ### #)#
##.#####.$?x.#####.## #[#
#..©.###.$_u.###.©..####.#
#..#####.$$..#####.......#
#.#####.....$.# ##.######


You could see a small abomination.

Vanquished Creatures
  Prince Ribbit (D:7)
  2 humans (D:8)
  A wyvern (D:6)
  Edmund (D:6)
  3 orc warriors
  2 black bears
  3 ogres
  2 bullfrogs
  A scorpion (D:6)
  4 howler monkeys
  A jelly (D:8)
  5 crimson imps
  3 hounds
  A quasit (D:6)
  A centaur skeleton (D:7)
  5 orc priests
  3 iguanas
  7 orc wizards
  9 worker ants
  A hound skeleton (D:7)
  A howler monkey skeleton (D:8)
  7 gnolls
  8 adders
  A shadow imp (D:5)
  4 worms
  4 leopard geckos
  31 orcs
  2 giant cockroaches
  7 goblins
  8 hobgoblins
  13 jackals
  9 kobolds
  A quokka (D:7)
  A ball python skeleton (D:5)
  7 frilled lizards
  A giant cockroach zombie (D:5)
  A leopard gecko skeleton (D:4)
  6 rats
168 creatures vanquished.

Notes
Turn   | Place    | Note
-------+----------+-------------------------------------------
     0 | D:1      | Deemzul the Octopode Fighter began the quest for the Orb.
     0 | D:1      | Reached XP level 1. HP: 16/16 MP: 1/1
   202 | D:1      | Reached XP level 2. HP: 20/21 MP: 2/2
   496 | D:1      | Reached XP level 3. HP: 17/26 MP: 3/3
  1080 | D:2      | Reached skill level 3 in Long Blades
  1080 | D:2      | Reached XP level 4. HP: 25/31 MP: 4/4
  1676 | D:3      | Reached XP level 5. HP: 33/36 MP: 5/5
  2155 | D:4      | Noticed an ogre
  2183 | D:4      | Reached skill level 4 in Long Blades
  2183 | D:4      | Reached XP level 6. HP: 39/43 MP: 6/6
  2222 | D:4      | Reached skill level 1 in Stealth
  2253 | D:4      | Found Urub's General Store.
  2261 | D:4      | Bought a scroll of magic mapping for 49 gold pieces
  2419 | D:4      | Reached XP level 7. HP: 19/48 MP: 7/7
  2954 | D:5      | Entered Level 5 of the Dungeon
  2970 | D:4      | Reached skill level 5 in Long Blades
  3644 | D:5      | Reached XP level 8. HP: 34/54 MP: 8/8
  4202 | D:6      | Noticed a wyvern
  4263 | D:7      | Noticed a purple ugly thing
  4270 | D:7      | Reached skill level 6 in Long Blades
  4330 | D:7      | Found Huimniha's Antique Weapon Shop.
  4568 | D:5      | Reached skill level 5 in Shields
  4591 | D:5      | Reached skill level 5 in Fighting
  4903 | D:6      | Noticed Edmund
  5099 | D:6      | Reached skill level 5 in Dodging
  5205 | D:7      | Gained mutation: Your spells are a little harder to cast, but a little more powerful. [potion of mutation]
  5205 | D:7      | Gained mutation: You are covered in fur. (AC +1) [potion of mutation]
  5215 | D:7      | Noticed Prince Ribbit
  5254 | D:7      | Killed Prince Ribbit
  5254 | D:7      | Reached skill level 5 in Stealth
  5614 | D:6      | Killed a wyvern
  5614 | D:6      | Reached skill level 7 in Long Blades
  5614 | D:6      | Reached XP level 9. HP: 37/61 MP: 9/9
  5820 | D:6      | Killed Edmund
  6641 | D:8      | Found a corrupted altar of Lugonu.
  6729 | D:8      | Found a staircase to the Lair.
  6734 | D:8      | Found an iron altar of Okawaru.
  6744 | D:8      | Reached skill level 8 in Long Blades
  6924 | D:8      | Found a transporter.
  6975 | D:8      | Noticed a green ugly thing
  6980 | D:8      | Found a transporter.
  6980 | D:8      | Noticed a white ugly thing
  6980 | D:8      | Noticed a brown ugly thing
  6983 | D:8      | Noticed a green ugly thing
  6989 | D:8      | HP: 3/62 [poisoned by a green ugly thing]
  6990 | D:8      | Succumbed to a green ugly thing's poison

Vault maps used:
D:1:      mushboom_english_gardens, serial_bayou, serial_bayou_ford_a,
          serial_bayou_pond_d, serial_bayou_pond_d, serial_bayou_crossing,
          minmay_misc_feat_enclosed
D:2:      first_ration
D:4:      serial_shops, shop, minmay_crystal_water,
          minmay_misc_feat_four_crosses, minmay_statues_item,
          minmay_close_crescents
D:6:      uniq_edmund
D:7:      minmay_temple_entry_poolview, serial_shops, shop, uniq_prince_ribbit1
D:8:      gammafunk_corrupted_shrine, okawaru_humans, lair_entry_dummy

Skill      XL: |  1  2  3  4  5  6  7  8  9 |
---------------+----------------------------+-----
Long Blades    | 3 4 5 7 8 |  8.2
Fighting       | 4 5 6 |  6.2
Dodging        | 4 5 6 |  6.2
Stealth        | 2 3 5 7 |  7.1
Shields        | 4 5 6 |  6.2

Action                   |  1- 3 |  4- 6 |  7- 9 || total
-------------------------+-------+-------+-------++-------
Melee: Long sword        |    65 |    65 |   233 ||   363
       Constrict         |    20 |    24 |    60 ||   104
       Tentacles         |    10 |    29 |    76 ||   115
  Use: Potion            |       |       |     8 ||     8
       Scroll            |       |       |     3 ||     3
 Stab: Sleeping          |     6 |       |    13 ||    19
       Distracted        |       |       |     3 ||     3
  Eat: Chunk             |     1 |     4 |    14 ||    19
Armor: Skin              |       |     1 |    55 ||    56
Dodge: Dodged            |    23 |    23 |   117 ||   163
Block: Shield            |    30 |    26 |   127 ||   183
       Rpst.: Long sword |     9 |     7 |    40 ||    56

Table legend:
 A = Spawn XP
 B = Non-spawn XP
 C = Spawn XP percentage of total XP
 D = Spawn monster count
 E = Non-spawn monster count
 F = Spawn count percentage of total count
 G = Total turns spent on level
                    A         B        C        D         E        F      G
               +---------+---------+-------+---------+---------+-------+---------
         Total |       0 |    4398 |   0.0 |       0 |     168 |   0.0 |  6990
               +---------+---------+-------+---------+---------+-------+---------
           D:1 |       0 |      35 |   0.0 |       0 |      22 |   0.0 |   803
           D:2 |       0 |      77 |   0.0 |       0 |      20 |   0.0 |   532
           D:3 |       0 |     169 |   0.0 |       0 |      21 |   0.0 |   810
           D:4 |       0 |     560 |   0.0 |       0 |      18 |   0.0 |   845
           D:5 |       0 |     517 |   0.0 |       0 |      23 |   0.0 |  1523
           D:6 |       0 |    1096 |   0.0 |       0 |      19 |   0.0 |  1297
           D:7 |       0 |     970 |   0.0 |       0 |      27 |   0.0 |   755
           D:8 |       0 |     974 |   0.0 |       0 |      18 |   0.0 |   425
               +---------+---------+-------+---------+---------+-------+---------
